 Dungeon Crawl Stone Soup version 0.30.0 (webtiles) character file.

Game seed: 11856454568565393185

501 Exaltedone87 the Covered (level 6, -1/55 HPs)
             Began as an Armataur Fighter on May 6, 2023.
             Slain by a river rat (4 damage)
             ... in a sewer.
             The game lasted 00:05:35 (3242 turns).

Exaltedone87 the Covered (Armataur Fighter)         Turns: 3242, Time: 00:05:35

Health: -1/55      AC: 13    Str: 20 (21) XL:     6   Next: 95%
Magic:  6/6        EV:  8    Int:  8      God:
Gold:   171        SH:  5    Dex: 12      Spells: 5/5 levels left

rFire   . . .        a - +0 flail (spect)
rCold   . . .        c - +0 buckler
rNeg    . . .        n - +3 ring mail
rPois   .            j - +0 helmet
rElec   .            (no cloak)
rCorr   .            k - +1 pair of gloves
SInv    +            (no barding)
Will    +....        (no amulet)
Stlth   +            m - ring of willpower
HPRegen 0.29/turn    p - ring of see invisible
MPRegen 0.10/turn

%: roll
@: lethally poisoned (-1 -> -2), slowed, very slow
A: large, rugged brown scales 3, deformed body, armoured tail, roll, long
tongue, awkward tongue
a: no special abilities


You were in a sewer.
You visited 1 branch of the dungeon, and saw 3 of its levels.
You also visited: Sewer.

You collected 171 gold pieces.

Inventory:

Hand Weapons
 a - a +0 spectral flail (weapon)
Armour
 c - a +0 buckler (worn)
 j - a +0 helmet (worn)
 k - a +1 pair of gloves (worn)
 n - a +3 ring mail (worn)
Jewellery
 m - a ring of willpower (left hand)
 p - a ring of see invisible (right hand)
 r - a +6 ring of intelligence
Scrolls
 f - a scroll of fog {unknown}
Potions
 b - 2 potions of flight {unknown}
 d - a potion of cancellation {unknown}
 e - a potion of attraction {unknown}


   Skills:
 + Level 4.0 Fighting
 * Level 4.5 Maces & Flails
 + Level 5.4 Armour
 + Level 4.8 Shields


You had 5 spell levels left.
You didn't know any spells.
Your spell library was empty.

Dungeon Overview and Level Annotations

Branches:
Dungeon (3/15)              Sewer (1/1)

Altars:


Innate Abilities, Weirdness & Mutations

You are completely covered in rugged brown scales. (AC +3, +7% HP)
Armour fits poorly on your strangely shaped body.
You have a long armoured tail.
You roll when moving toward enemies. (Rampage)
Your long tongue fully drains potion bottles. (2x potion effects)
Your tongue gives you trouble enunciating. (1.5x scroll delay)


Message History

The river rat closely misses you. The river rat attacks as you move away!
The river rat barely misses you.
You enter the shallow water.
You feel extremely sick.
The kobold brigand hits you but does no damage.
You sock the kobold brigand!
The kobold brigand is heavily wounded.
You feel extremely sick. The river rat barely misses you.
The kobold brigand barely misses you. The river rat barely misses you.
The kobold brigand hits you with a +0 club.
You hit the kobold brigand.
The kobold brigand is severely wounded.
You feel very sick. The river rat closely misses you.
The kobold brigand splashes around in the water.
The river rat closely misses you.
The kobold brigand hits you but does no damage.
You completely miss the kobold brigand.
The kobold brigand is severely wounded.
You feel very sick.
The river rat bites you but does no damage.
You block the kobold brigand's attack.
The river rat bites you but does no damage.
The kobold brigand barely misses you.
Unknown command.
You sock the kobold brigand!
Your tail-slap misses the kobold brigand.
The kobold brigand is almost dead.
You feel sick.
The river rat bites you but does no damage.
The kobold brigand splashes around in the water.
The river rat bites you.
* * * LOW HITPOINT WARNING * * *
You closely miss the kobold brigand. You tail-slap the kobold brigand.
You kill the kobold brigand!
You hear a splash. x2
* * * LOW HITPOINT WARNING * * *
You feel sick. The river rat bites you.
You die...

#~..#
#..~#
#~~.#
#~~~#
##~~~##
##.~~##
#~~.~~#
#~~~~.#
#~###~#
#~###~#
#.# #~#
#.# #.#
##.###.##
##.###~##
#..~#~.~#
#.r~#~†.#
#~#~#~#†#
#@#~#)#~#
#~#~#~#~#
#)#~#~#~#
#~#~#~#~#
#~#~#~#~#
#.#.#.#.#
#.#.#.#.#
#########
#########


You could see a river rat.

Vanquished Creatures
  6 kobold brigands (Sewer)
  Terence (D:2)
  6 adders
  A river rat (Sewer)
  4 worms
  3 dart slugs
  An orc (D:3)
  3 ball pythons
  5 endoplasms
  10 goblins
  3 hobgoblins
  3 quokkas
  A bat (D:3)
  A frilled lizard (D:3)
  7 kobolds
  8 rats
63 creatures vanquished.

Notes
Turn   | Place    | Note
-------+----------+-------------------------------------------
     0 | D:1      | Exaltedone87 the Armataur Fighter began the quest for the
                  | Orb.
     0 | D:1      | Reached XP level 1. HP: 19/19 MP: 1/1
   377 | D:1      | Reached XP level 2. HP: 15/26 MP: 2/2
  1145 | D:2      | Reached skill level 4 in Armour
  1271 | D:2      | Reached XP level 3. HP: 30/32 MP: 3/3
  1345 | D:2      | Noticed Terence
  1362 | D:2      | Killed Terence
  1365 | D:2      | Reached XP level 4. HP: 9/40 MP: 4/4
  2493 | D:3      | Found a glowing drain.
  2503 | Sewer    | Entered a sewer
  2527 | Sewer    | Noticed a kobold brigand
  2553 | Sewer    | Killed a kobold brigand
  2554 | Sewer    | Reached XP level 5. HP: 31/48 MP: 5/5
  2688 | Sewer    | HP: 1/48 [kobold brigand/+0 dagger (4)]
  2702 | Sewer    | Reached skill level 5 in Armour
  2702 | Sewer    | Reached XP level 6. HP: 16/55 MP: 6/6
  3242 | Sewer    | Slain by a river rat

Illustrated notes

Levels and vault maps discovered:
D:1:      eino_arrival_cavern_c, layout_basic
D:2:      layout_basic, uniq_terence
D:3:      layout_basic, portal_sewer_entry_d, serial_shops, shop,
          dreamdust_princess_corridor
Sewer:    sewer_co_tree

Skill      XL: |  1  2  3  4  5  6 |
---------------+-------------------+-----
Maces & Flails | 2 3 4 |  4.5
Armour         | 4 5 |  5.4
Fighting       | 3 4 |  4.0
Shields        | 4 |  4.8

Action                     |  1- 3 |  4- 6 || total
---------------------------+-------+-------++-------
  Melee: Flail             |    82 |   102 ||   184
         Tailslap          |    11 |     9 ||    20
    Use: Potion            |     1 |     4 ||     5
         Scroll            |       |     9 ||     9
 Armour: Scale mail        |    28 |       ||    28
         Ring mail         |     9 |    44 ||    53
  Dodge: Dodged            |    26 |    41 ||    67
  Block: Buckler           |     8 |    15 ||    23
